 Dungeon Crawl Stone Soup version 0.29.0-4-gdea44cf6ec (webtiles) character file.

Game seed: 5511783164022146578

87024 qw the Severer (level 13, -7/88 (105) HPs)
             Began as a Minotaur Fighter on Sept 7, 2022.
             Was the Champion of Ru.
             Killed from afar by Jorgrun (39 damage)
             ... with an iron shot
             ... on level 15 of the Dungeon.
             The game lasted 00:10:31 (33085 turns).

qw the Severer (Minotaur Fighter)                  Turns: 33085, Time: 00:10:32

HP:   -7/88 (105)   AC: 24    Str: 26    XL:     13   Next: 42%
MP:   12/12         EV: 11    Int:  5    God:    Ru [******]
Gold: 1855          SH:  6    Dex: 12    Spells: 12/12 levels left

rFire   + . .      SeeInvis +   Y - +0 broad axe (vorpal)
rCold   + + .      Faith    .   c - +0 buckler
rNeg    . . .      Spirit   .   g - +0 plate armour
rPois   +          Reflect  .   (helmet restricted)
rElec   .          Harm     .   f - scarf {rC+ rF+}
rCorr   .          Rampage  .   p - +2 pair of gloves
Will    .....                   o - +2 pair of boots
Stlth   ..........              (no amulet)
HPRegen 0.24/turn               r - ring of Raingimp {*Slow rC+ Slay+5 SInv}
MPRegen 0.13/turn               q - ring of poison resistance

@: heavily drained
A: horns 2, inability to use devices, hated by all, inexperienced 2, missing an
eye, retaliatory headbutt, thin skeletal structure 1, frail 2
a: Renounce Religion, Draw Out Power, Power Leap, Apocalypse


You were on level 15 of the Dungeon.
You worshipped Ru.
Ru was exalted by your worship.
You visited 3 branches of the dungeon, and saw 21 of its levels.

You collected 2305 gold pieces.
You spent 450 gold pieces at shops.


Innate Abilities, Weirdness & Mutations

You have a pair of horns on your head.
You cannot study or use magical devices.
You are hated by all.
You are inexperienced. (-2 XL)
You are missing an eye, making it more difficult to aim.
You reflexively headbutt those who attack you in melee.
You have a somewhat thin skeletal structure. (Dex +2, Stealth+)
You are very frail. (-20% HP)


   Skills:
 - Level 17.0 Fighting
 - Level 19.0 Axes
 + Level 7.5 Throwing
 - Level 15.0 Armour
 - Level 9.1 Dodging
 - Level 10.0 Shields


You had 12 spell levels left.
You didn't know any spells.
Your spell library was empty.

Inventory:

Hand Weapons
 e - a +2 hand axe of flaming
 Y - a +0 vorpal broad axe (weapon)
Missiles
 j - 5 javelins (quivered)
 m - 14 boomerangs
Armour
 c - a +0 buckler (worn)
 f - a scarf of resistance (worn)
 g - a +0 plate armour (worn)
 o - a +2 pair of boots (worn)
 p - a +2 pair of gloves (worn)
Jewellery
 i - a ring of fire
 k - a ring of protection from fire
 q - a ring of poison resistance (right hand)
 r - the ring of Raingimp (left hand) {*Slow rC+ Slay+5 SInv}
   (You found it on level 13 of the Dungeon)

   [ring of protection from cold]

   Slay:      It affects your accuracy & damage with ranged weapons and melee
   (+5).
   rC:        It protects you from cold.
   SInv:      It lets you see invisible.
   *Slow:     It may slow you when you take damage.
 s - a ring of wizardry
 t - the ring "Laotihy" {Fly Str+3}
   (You found it on level 5 of the Lair of Beasts)

   [ring of flight]

   Str:       It affects your strength (+3).
   Fly:       It grants you flight.
 u - the ring "Ohuo" {Wiz rC+ Dex+3}
   (You acquired it on level 2 of the Lair of Beasts)

   [ring of wizardry]

   It improves your spell success rate.
   Dex:       It affects your dexterity (+3).
   rC:        It protects you from cold.
Scrolls
 a - 5 scrolls of teleportation
 h - 10 scrolls of identify
Potions
 b - 5 potions of curing
 d - 5 potions of might
 l - a potion of haste
 n - a potion of heal wounds

Dungeon Overview and Level Annotations

Branches:
Dungeon (15/15)            Temple (1/1) D:4            Lair (5/5) D:11
  Swamp (0/4) Lair:2       Spider (0/4) Lair:3        Slime (0/5) Lair:4
    Orc (0/2) D:9          Vaults (0/5) D:14         Depths (0/4) D:15

Altars:
Ashenzari
Cheibriados
Dithmenos
Elyvilon
Nemelex Xobeh
Okawaru
Qazlal
Ru
Sif Muna
Trog
Uskayaw
Wu Jian
Xom
Zin
The Shining One
Lugonu

Shops:
D:7 :   D:15 *

Annotations:
D:5 1 runed translucent door, Crazy Yiuf
D:14 2 transporters
D:15 Jorgrun


Message History

You kill the tengu conjurer!
You hear a splash.
The battlesphere dissipates.
33074 ||| FLEEEEING.
Jorgrun Earthshaker comes into view.
He is wielding a staff of earth.
Jorgrun shouts!
You redirect Jorgrun's attack!
Jorgrun points at himself and mumbles some strange words.
The iron shot hits Jorgrun!!!
You block the water elemental's attack.
You slash the water elemental!
The water elemental is heavily damaged.
Jorgrun begins to cast a spell, but is stunned by your conviction!
You block the water elemental's attack.
You barely miss the water elemental. You headbutt the water elemental!
The water elemental is severely damaged.
The water elemental misses you. You furiously retaliate!
You headbutt the water elemental. You slash the water elemental!
You destroy the water elemental!
Jorgrun points at you and mumbles some strange words.
Roots burst forth from the earth!
The grasping roots grab you! The grasping roots constrict you!
The roots grasp on you weakens, but your attempt to escape fails.
Jorgrun gestures next to you while chanting.
The wall shatters!
The blast of rock fragments hits you! The grasping roots constrict you!
You escape the roots grasp.
Jorgrun hits you with a staff of earth.
You barely miss Jorgrun. Your headbutt misses Jorgrun.
Jorgrun is moderately wounded.
Jorgrun hits you with a staff of earth.
You carve Jorgrun like a ham!!!
Jorgrun is almost dead.
Jorgrun begins to cast a spell, but is stunned by your conviction!
You slash Jorgrun!
Jorgrun is almost dead.
Jorgrun gestures at you while chanting. The iron shot hits you!!!
You die...

#.. ... #.. #.. #.. #..
#.. .. #.# #. #########
#.# ##g##........ #.#
##..@#.~~~~.~~ #.###
##......~~~~.~~ ###.#.##
##.......~~~~.~~
.......####..(.....~~~~.~~
..........'........$~~~...
.##.....###.<..(.........S
.#..#.#.# ##.......~~~~~.~
.#.##.#.# ##......~~~~~.~
.#.##.#.# ##...#.~~~~~.~


You could see Jorgrun.

Vanquished Creatures
  A stone giant (D:15)
  A yaktaur captain (D:14)
  7 hydras
  A rakshasa (D:15)
  Harold (Lair:1)
  Erolcha (D:13)
  2 boulder beetles
  5 catoblepae
  15 death yaks
  A merfolk aquamancer (D:14)
  Erica (D:11)
  6 centaur warriors
  A tengu warrior (D:13)
  4 two-headed ogres
  Urug (D:11)
  A soul eater (D:11)
  An orb spider (Lair:3)
  2 deep elf pyromancers
  12 ugly things
  2 cyclopes
  3 manticores
  15 elephants
  2 guardian serpents (D:13)
  A water nymph (D:14)
  Maggie (Lair:1)
  7 black mambas
  19 cane toads
  2 orange demons (D:11)
  2 torpor snails (Lair:3)
  3 gargoyles
  An unseen horror (D:13)
  4 rime drakes
  An ice devil (D:11)
  A tengu conjurer (D:15)
  2 yaktaurs (D:14)
  4 komodo dragons
  3 meliai (D:14)
  A queen bee (D:11)
  A tyrant leech (Lair:2)
  3 polar bears
  20 blink frogs
  A hornet (D:7)
  17 slime creatures
  8 dream sheep
  5 shadows
  3 wraiths
  A water elemental (D:15)
  49 yaks
  2 vampires
  3 basilisks
  2 steam dragons
  A basilisk (shapeshifter) (D:15)
  11 vampire mosquitoes
  4 wyverns
  Menkaure (D:5)
  A chaos spawn (D:11)
  6 acid dragons
  An orc warrior (D:10)
  2 sky beasts (D:7)
  15 water moccasins
  4 black bears
  An ice beast (D:7)
  12 wolves
  2 ogres (D:5)
  11 centaurs
  2 phantoms (D:6)
  2 kobold brigands (D:8)
  3 necrophages
  14 bullfrogs
  3 gnoll sergeants
  3 scorpions
  9 wights
  33 killer bees
  4 howler monkeys
  3 gnoll boudas
  2 hounds
  2 jellies
  3 orc priests
  An iguana (D:7)
  8 orc wizards
  Robin (D:2)
  32 gnolls
  8 adders
  2 shadow imps
  2 white imps
  3 worms
  3 dart slugs
  23 orcs
  2 bats (D:1)
  8 endoplasms
  7 giant cockroaches
  11 goblins
  16 hobgoblins
  5 jackals
  3 quokkas
  5 ball pythons
  2 frilled lizards
  23 kobolds
  6 rats
  A bush (Lair:4)
580 creatures vanquished.

Vanquished Creatures (others)
  2 two-headed ogres
  A cyclops (D:13)
  A black mamba (Lair:4)
  A water nymph (D:14)
  A blink frog (Lair:4)
  A yak (Lair:4)
  A basilisk (Lair:4)
  A vampire mosquito (D:12)
  6 demonic plants (D:11)
  64 fungi
  74 plants
153 creatures vanquished.

Grand Total: 733 creatures vanquished

Notes
Turn   | Place    | Note
-------+----------+-------------------------------------------
     0 | D:1      | qw the Minotaur Fighter began the quest for the Orb.
     0 | D:1      | Reached XP level 1. HP: 19/19 MP: 0/0
     0 | D:1      | 0 ||| qw: Version: 0.1-a-108-g9e35731
     0 | D:1      | 0 ||| qw: Game counter: 6545
     0 | D:1      | 0 ||| qw: Always use a shield: true
     0 | D:1      | 0 ||| qw: God list: Ru
     0 | D:1      | 0 ||| qw: Allow faded altars: false
     0 | D:1      | 0 ||| qw: Do Orc after D:15 true
     0 | D:1      | 0 ||| qw: Do second Lair branch before Depths: true
     0 | D:1      | 0 ||| qw: Lair rune preference: random
     0 | D:1      | 0 ||| qw: Plans: Normal
     0 | D:1      | 0 ||| PLANNING D:1-11
    41 | D:1      | Reached skill level 3 in Axes
   167 | D:1      | Reached XP level 2. HP: 26/26 MP: 1/1
   383 | D:1      | Reached skill level 4 in Axes
   622 | D:1      | Reached XP level 3. HP: 31/31 MP: 2/2
   770 | D:1      | Found a faded altar of an unknown god.
   948 | D:1      | 948 ||| READING 3 scrolls labelled BAXIKE SUOZEHO.
   951 | D:1      | 951 ||| READING scroll labelled KIMEATZEVOA.
   952 | D:1      | 952 ||| READING 3 scrolls labelled BOIHAG HOLA.
   953 | D:1      | 953 ||| READING scroll labelled NASMYAS NIDWU.
   954 | D:1      | 954 ||| READING scroll labelled YGEUTS NABBUTA.
   955 | D:1      | 955 ||| READING scroll labelled GUGRAAPUTET.
   956 | D:1      | 956 ||| READING 2 scrolls of identify.
   956 | D:1      | 956 ||| IDENTIFYING metallic green potion
   957 | D:1      | 957 ||| DROPPING potion of brilliance.
  1062 | D:2      | 1062 ||| Stepping ~*~*~tactically~*~*~ (stealth).
  1064 | D:2      | 1064 ||| Stepping ~*~*~tactically~*~*~ (stealth).
  1067 | D:2      | Noticed Robin
  1068 | D:2      | 1068 ||| Stepping ~*~*~tactically~*~*~ (stealth).
  1154 | D:2      | 1154 ||| Stepping ~*~*~tactically~*~*~ (hiding).
  1161 | D:2      | Killed Robin
  1162 | D:2      | Reached skill level 5 in Axes
  1318 | D:2      | Reached skill level 1 in Dodging
  1318 | D:2      | Reached XP level 4. HP: 39/39 MP: 3/3
  1363 | D:2      | 1363 ||| Stepping ~*~*~tactically~*~*~ (stealth).
  1391 | D:2      | 1391 ||| Stepping ~*~*~tactically~*~*~ (stealth).
  1395 | D:2      | 1395 ||| Stepping ~*~*~tactically~*~*~ (hiding).
  1403 | D:2      | Reached skill level 6 in Axes
  1408 | D:2      | Reached XP level 5. HP: 32/45 MP: 4/4
  1506 | D:2      | 1506 ||| DROPPING +0 mace.
  1878 | D:2      | 1878 ||| UPGRADING to +2 pair of boots.
  1883 | D:2      | 1883 ||| UPGRADING to +0 chain mail.
  1893 | D:2      | 1893 ||| DROPPING +0 scale mail.
  1894 | D:2      | 1894 ||| READING scroll labelled RYARET ORUBO.
  1895 | D:2      | 1895 ||| READING scroll labelled ERPHUWO IHERCH.
  1896 | D:2      | 1896 ||| DRINKING 2 coppery potions.
  1897 | D:2      | 1897 ||| READING 2 scrolls of identify.
  1897 | D:2      | 1897 ||| IDENTIFYING smoky blue potion
  1898 | D:2      | 1898 ||| DROPPING potion of berserk rage.
  1899 | D:2      | 1899 ||| DROPPING potion of degeneration.
  1937 | D:3      | 1937 ||| STAIRDANCE
  2029 | D:3      | 2029 ||| Stepping ~*~*~tactically~*~*~ (stealth).
  2096 | D:3      | 2096 ||| DROPPING +0 flail.
  2484 | D:3      | 2484 ||| UPGRADING to +0 plate armour.
  2494 | D:3      | 2494 ||| DROPPING +0 chain mail.
  2495 | D:3      | 2495 ||| READING scroll labelled SOXO ALOQIAS.
  2496 | D:3      | 2496 ||| DRINKING 3 brown potions.
  2496 | D:3      | Gained mutation: You have supernaturally acute eyesight.
                  | (SInv) [potion of mutation]
  2496 | D:3      | Gained mutation: Armour fits poorly on your strangely
                  | shaped body. [potion of mutation]
  2496 | D:3      | Gained mutation: You are robust. (+10% HP) [potion of
                  | mutation]
  2496 | D:3      | Gained mutation: You are strong-willed. (Will+) [potion of
                  | mutation]
  2516 | D:3      | 2516 ||| DRINKING 2 potions of mutation.
  2516 | D:3      | Lost mutation: You are strong-willed. (Will+) [potion of
                  | mutation]
  2516 | D:3      | Lost mutation: You are robust. (+10% HP) [potion of
                  | mutation]
  2516 | D:3      | Gained mutation: You are strong-willed. (Will+) [potion of
                  | mutation]
  2517 | D:3      | 2517 ||| DRINKING potion of mutation.
  2517 | D:3      | Lost mutation: You are strong-willed. (Will+) [potion of
                  | mutation]
  2517 | D:3      | Lost mutation: Armour fits poorly on your strangely shaped
                  | body. [potion of mutation]
  2517 | D:3      | Gained mutation: You have hidden genetic defects. [potion
                  | of mutation]
  2517 | D:3      | Gained mutation: You passively map a small area around you.
                  | [potion of mutation]
  2517 | D:3      | Gained mutation: You are partially covered in iridescent
                  | scales. (AC +2) [potion of mutation]
  2518 | D:3      | 2518 ||| READING 3 scrolls of identify.
  2518 | D:3      | 2518 ||| IDENTIFYING black potion
  2519 | D:3      | 2519 ||| READING 2 scrolls of identify.
  2519 | D:3      | 2519 ||| IDENTIFYING murky purple potion
  2520 | D:3      | 2520 ||| DROPPING potion of invisibility.
  2551 | D:4      | 2551 ||| STAIRDANCE
  2565 | D:4      | Reached skill level 7 in Axes
  2624 | D:4      | Reached XP level 6. HP: 46/53 MP: 5/5
  2624 | D:4      | 2624 ||| FLEEEEING.
  2625 | D:4      | 2625 ||| FLEEEEING.
  2626 | D:4      | 2626 ||| FLEEEEING.
  2627 | D:4      | 2627 ||| FLEEEEING.
  2630 | D:4      | Gained mutation: You are weak. (Str -2) [hidden defects]
  2692 | D:4      | Noticed an acid dragon
  2694 | D:4      | 2694 ||| FLEEEEING.
  2695 | D:4      | 2695 ||| FLEEEEING.
  2696 | D:4      | 2696 ||| FLEEEEING.
  2697 | D:4      | 2697 ||| FLEEEEING.
  2698 | D:4      | 2698 ||| FLEEEEING.
  2703 | D:4      | 2703 ||| FLEEEEING.
  2704 | D:4      | 2704 ||| FLEEEEING.
  2705 | D:4      | 2705 ||| FLEEEEING.
  2706 | D:4      | 2706 ||| FLEEEEING.
  2707 | D:4      | 2707 ||| FLEEEEING.
  2708 | D:4      | 2708 ||| FLEEEEING.
  2709 | D:4      | 2709 ||| FLEEEEING.
  2715 | D:4      | 2715 ||| FLEEEEING.
  2716 | D:4      | 2716 ||| FLEEEEING.
  2719 | D:4      | 2719 ||| FLEEEEING.
  2720 | D:4      | 2720 ||| FLEEEEING.
  2721 | D:4      | 2721 ||| FLEEEEING.
  2723 | D:4      | 2723 ||| STAIRDANCE
  2923 | D:3      | 2923 ||| UPGRADING to scarf of resistance.
  2930 | D:4      | 2930 ||| STAIRDANCE
  3052 | D:4      | Killed an acid dragon
  3053 | D:4      | Reached skill level 8 in Axes
  3054 | D:4      | 3054 ||| FLEEEEING.
  3055 | D:4      | 3055 ||| FLEEEEING.
  3056 | D:4      | 3056 ||| STAIRDANCE
  3056 | D:4      | Gained mutation: You are frail. (-10% HP) [hidden defects]
  3056 | D:4      | Lost mutation: You have hidden genetic defects. [hidden
                  | defects expressed]
  3151 | D:4      | Found a staircase to the Ecumenical Temple.
  3152 | D:4      | 3152 ||| PLANNING TEMPLE
  3156 | Temple   | Entered the Ecumenical Temple
  3183 | Temple   | Became a worshipper of Ru the Awakened
  3205 | Temple   | 3205 ||| PLANNING D:1-11
  3232 | D:4      | Found a white marble altar of Elyvilon.
  3456 | D:4      | Found a glowing silver altar of Zin.
  3459 | D:4      | 3459 ||| Stepping ~*~*~tactically~*~*~ (hiding).
  3554 | D:4      | Reached XP level 7. HP: 37/54 MP: 6/6
  4189 | D:4      | 4189 ||| DROPPING orb of energy.
  4190 | D:4      | 4190 ||| READING scroll labelled SUUSYCINAH.
  4191 | D:4      | 4191 ||| READING scroll labelled QEMUWE RUCZOCW.
  4192 | D:4      | 4192 ||| READING scroll labelled MAFOEG YN LUA.
  4193 | D:4      | 4193 ||| DRINKING 2 ruby potions.
  4235 | D:4      | 4235 ||| DROPPING potion of lignification.
  4277 | D:5      | Entered Level 5 of the Dungeon
  4283 | D:5      | Noticed a wyvern
  4292 | D:5      | Killed a wyvern
  4293 | D:5      | Reached skill level 9 in Axes
  4420 | D:5      | 4420 ||| Stepping ~*~*~tactically~*~*~ (hiding).
  4421 | D:5      | 4421 ||| Stepping ~*~*~tactically~*~*~ (hiding).
  4422 | D:5      | 4422 ||| Stepping ~*~*~tactically~*~*~ (hiding).
  4572 | D:5      | 4572 ||| Stepping ~*~*~tactically~*~*~ (stealth).
  4586 | D:5      | Reached skill level 10 in Axes
  4837 | D:5      | Reached XP level 8. HP: 62/62 MP: 7/7
  4953 | D:5      | 4953 ||| INVOKING Sacrifice Experience.
  4953 | D:5      | Gained mutation: You are somewhat inexperienced. (-1 XL)
                  | [Ru sacrifice]
  4953 | D:5      | Reached XP level 7. HP: 54/54 MP: 6/6
  4953 | D:5      | Reached * piety under Ru
  5068 | D:5      | Reached skill level 6 in Fighting
  5171 | D:5      | 5171 ||| Stepping ~*~*~tactically~*~*~ (hiding).
  5172 | D:5      | 5172 ||| Stepping ~*~*~tactically~*~*~ (hiding).
  5296 | D:5      | Noticed Menkaure
  5306 | D:5      | Killed Menkaure
  5495 | D:5      | Reached skill level 11 in Axes
  5571 | D:5      | Found a runed translucent door.
  5572 | D:5      | Noticed Crazy Yiuf
  5904 | D:6      | Found a broken altar of Ashenzari.
  6109 | D:6      | 6109 ||| Stepping ~*~*~tactically~*~*~ (hiding).
  6199 | D:6      | Reached skill level 12 in Axes
  6284 | D:6      | Found a stormy altar of Qazlal.
  6318 | D:6      | Found a hazy altar of Hepliaklqana.
  6500 | D:6      | 6500 ||| READING scroll labelled ZUHOSCH MAXUI.
  6501 | D:6      | 6501 ||| READING scroll labelled LEFET DOIPEGOLIKUE.
  6661 | D:7      | Reached XP level 8. HP: 60/65 MP: 7/7
  6664 | D:7      | 6664 ||| Stepping ~*~*~tactically~*~*~ (stealth).
  6851 | D:7      | Reached skill level 6 in Armour
  6969 | D:7      | Found Nezung's Book Emporium.
  6976 | D:7      | 6976 ||| Stepping ~*~*~tactically~*~*~ (hiding).
  6978 | D:7      | 6978 ||| Stepping ~*~*~tactically~*~*~ (stealth).
  6981 | D:7      | 6981 ||| Stepping ~*~*~tactically~*~*~ (hiding).
  6983 | D:7      | 6983 ||| Stepping ~*~*~tactically~*~*~ (hiding).
  6997 | D:7      | Paralysed by a hornet for 1 turns
  7209 | D:7      | Reached skill level 13 in Axes
  7346 | D:7      | 7346 ||| READING 3 scrolls of identify.
  7346 | D:7      | 7346 ||| IDENTIFYING pink potion
  7347 | D:7      | 7347 ||| READING 2 scrolls of identify.
  7347 | D:7      | 7347 ||| IDENTIFYING murky amethyst potion
  7348 | D:7      | 7348 ||| DROPPING potion of magic.
  7349 | D:7      | 7349 ||| DROPPING potion of flight.
  7377 | D:8      | Found a snail-covered altar of Cheibriados.
  7401 | D:8      | 7401 ||| Stepping ~*~*~tactically~*~*~ (stealth).
  7438 | D:8      | 7438 ||| Stepping ~*~*~tactically~*~*~ (stealth).
  7448 | D:8      | 7448 ||| Stepping ~*~*~tactically~*~*~ (stealth).
  7595 | D:8      | Noticed a two-headed ogre
  7605 | D:8      | HP: 13/66 [two-headed ogre/+0 giant club (10)]
  7606 | D:8      | 7606 ||| READING 7 scrolls of teleportation.
  7607 | D:8      | Killed a two-headed ogre
  7608 | D:8      | Reached skill level 14 in Axes
  7608 | D:8      | Reached XP level 9. HP: 14/72 MP: 8/8
  7612 | D:8      | 7612 ||| READING 6 scrolls of teleportation.
  7964 | D:8      | 7964 ||| INVOKING Sacrifice Artifice.
  7964 | D:8      | Gained mutation: You cannot study or use magical devices.
                  | [Ru sacrifice]
  7964 | D:8      | Reached ** piety under Ru
  7964 | D:8      | Reached *** piety under Ru
  8046 | D:8      | Reached skill level 1 in Throwing
  8150 | D:8      | 8150 ||| Stepping ~*~*~tactically~*~*~ (hiding).
  8538 | D:8      | Reached skill level 3 in Throwing
  8672 | D:8      | Identified the +4 hand axe "Qianoh" {vorpal, Dex+4}
  8679 | D:8      | 8679 ||| FLEEEEING.
  8680 | D:8      | 8680 ||| FLEEEEING.
  8692 | D:8      | 8692 ||| Stepping ~*~*~tactically~*~*~ (water).
  8839 | D:8      | Noticed a deep elf pyromancer
  8839 | D:8      | Noticed a white ugly thing
  8840 | D:8      | 8840 ||| Stepping ~*~*~tactically~*~*~ (hiding).
  8852 | D:8      | Killed a deep elf pyromancer
  8887 | D:8      | Killed a white ugly thing
  8888 | D:8      | Reached skill level 15 in Axes
  9088 | D:8      | 9088 ||| UPGRADING to ring of poison resistance.
  9089 | D:8      | 9089 ||| DRINKING 2 grey potions.
  9090 | D:8      | 9090 ||| READING 2 scrolls of identify.
  9090 | D:8      | 9090 ||| IDENTIFYING smoky white potion
  9091 | D:8      | 9091 ||| DROPPING potion of attraction.
  9131 | D:9      | 9131 ||| STAIRDANCE
  9136 | D:9      | 9136 ||| STAIRDANCE
  9148 | D:9      | 9148 ||| STAIRDANCE
  9159 | D:9      | 9159 ||| STAIRDANCE
  9167 | D:9      | 9167 ||| STAIRDANCE
  9177 | D:9      | 9177 ||| STAIRDANCE
  9181 | D:9      | 9181 ||| STAIRDANCE
  9187 | D:9      | 9187 ||| STAIRDANCE
  9203 | D:9      | 9203 ||| STAIRDANCE
  9212 | D:9      | 9212 ||| STAIRDANCE
  9347 | D:9      | Reached skill level 9 in Fighting
  9422 | D:9      | Found a staircase to the Orcish Mines.
  9560 | D:9      | 9560 ||| Stepping ~*~*~tactically~*~*~ (hiding).
  9729 | D:9      | Found an ornate altar of the Wu Jian Council.
  9754 | D:9      | Noticed a two-headed ogre
  9762 | D:9      | Killed a two-headed ogre
  9789 | D:9      | 9789 ||| Stepping ~*~*~tactically~*~*~ (hiding).
  9868 | D:9      | Found a sparkling altar of Nemelex Xobeh.
 10167 | D:9      | 10167 ||| READING scroll of brand weapon.
 10167 | D:9      | 10167 ||| BRANDING +1 war axe of protection.
 10265 | D:9      | 10265 ||| UPGRADING to ring of protection from fire.
 10266 | D:9      | 10266 ||| READING 5 scrolls of identify.
 10266 | D:9      | 10266 ||| IDENTIFYING emerald potion
 10267 | D:9      | 10267 ||| DROPPING potion of ambrosia.
 10319 | D:10     | Entered Level 10 of the Dungeon
 10370 | D:10     | 10370 ||| FLEEEEING.
 10371 | D:10     | 10371 ||| FLEEEEING.
 10372 | D:10     | 10372 ||| FLEEEEING.
 10373 | D:10     | 10373 ||| FLEEEEING.
 10374 | D:10     | 10374 ||| FLEEEEING.
 10375 | D:10     | 10375 ||| FLEEEEING.
 10381 | D:10     | 10381 ||| FLEEEEING.
 10382 | D:10     | 10382 ||| FLEEEEING.
 10383 | D:10     | 10383 ||| FLEEEEING.
 10384 | D:10     | 10384 ||| FLEEEEING.
 10385 | D:10     | 10385 ||| FLEEEEING.
 10386 | D:10     | 10386 ||| FLEEEEING.
 10387 | D:10     | 10387 ||| FLEEEEING.
 10388 | D:10     | 10388 ||| FLEEEEING.
 10389 | D:10     | 10389 ||| FLEEEEING.
 10390 | D:10     | 10390 ||| FLEEEEING.
 10391 | D:10     | 10391 ||| FLEEEEING.
 10392 | D:10     | 10392 ||| FLEEEEING.
 10402 | D:10     | Reached skill level 16 in Axes
 10487 | D:10     | Reached XP level 10. HP: 51/81 MP: 9/9
 10492 | D:10     | Reached skill level 3 in Dodging
 10496 | D:10     | HP: 20/81 [yak (6)]
 10497 | D:10     | 10497 ||| READING 6 scrolls of teleportation.
 10498 | D:10     | 10498 ||| INVOKING Draw Out Power.
 10757 | D:10     | Noticed a two-headed ogre
 10764 | D:10     | Killed a two-headed ogre
 10973 | D:10     | 10973 ||| Stepping ~*~*~tactically~*~*~ (stealth).
 10983 | D:10     | Reached skill level 6 in Shields
 11251 | D:10     | Found a hide-covered altar of Uskayaw.
 11344 | D:10     | 11344 ||| INVOKING Sacrifice Experience.
 11344 | D:10     | Gained mutation: You are inexperienced. (-2 XL) [Ru
                  | sacrifice]
 11344 | D:10     | Reached XP level 9. HP: 68/68 MP: 8/8
 11344 | D:10     | Reached **** piety under Ru
 11344 | D:10     | Reached ***** piety under Ru
 11559 | D:10     | Noticed a two-headed ogre
 11564 | D:10     | Killed a two-headed ogre
 12100 | D:11     | 12100 ||| STAIRDANCE
 12175 | D:11     | 12175 ||| STAIRDANCE
 12181 | D:10     | Reached skill level 17 in Axes
 12257 | D:11     | 12257 ||| STAIRDANCE
 12264 | D:11     | 12264 ||| INVOKING Apocalypse.
 12265 | D:11     | 12265 ||| STAIRDANCE
 12345 | D:11     | 12345 ||| Stepping ~*~*~tactically~*~*~ (stealth).
 12358 | D:11     | Noticed Urug
 12360 | D:11     | 12360 ||| Stepping ~*~*~tactically~*~*~ (hiding).
 12362 | D:11     | 12362 ||| Stepping ~*~*~tactically~*~*~ (hiding).
 12371 | D:11     | Killed Urug
 12375 | D:11     | 12375 ||| FLEEEEING.
 12376 | D:11     | 12376 ||| FLEEEEING.
 12377 | D:11     | 12377 ||| FLEEEEING.
 12378 | D:11     | 12378 ||| FLEEEEING.
 12381 | D:11     | 12381 ||| STAIRDANCE
 12488 | D:11     | 12488 ||| Stepping ~*~*~tactically~*~*~ (hiding).
 12780 | D:11     | Found a staircase to the Lair.
 12798 | D:11     | 12798 ||| DRINKING 4 potions of curing.
 12798 | D:11     | 12798 ||| (to cure confusion)
 12887 | D:11     | 12887 ||| DRINKING potion of mutation.
 12887 | D:11     | Lost mutation: You passively map a small area around you.
                  | [potion of mutation]
 12887 | D:11     | Lost mutation: You are partially covered in iridescent
                  | scales. (AC +2) [potion of mutation]
 12887 | D:11     | Gained mutation: You have a somewhat thin skeletal
                  | structure. (Dex +2, Stealth+) [potion of mutation]
 12887 | D:11     | Gained mutation: You possess an exceptional clarity of
                  | mind. [potion of mutation]
 12900 | D:11     | 12900 ||| Stepping ~*~*~tactically~*~*~ (hiding).
 12911 | D:11     | Reached skill level 9 in Armour
 12916 | D:11     | Noticed a soul eater
 12917 | D:11     | 12917 ||| FLEEEEING.
 12940 | D:11     | 12940 ||| INVOKING Apocalypse.
 12940 | D:11     | Killed a soul eater
 13100 | D:11     | Noticed a two-headed ogre
 13104 | D:11     | Killed a two-headed ogre
 13326 | D:11     | 13326 ||| Stepping ~*~*~tactically~*~*~ (hiding).
 13333 | D:11     | 13333 ||| Stepping ~*~*~tactically~*~*~ (hiding).
 13398 | D:11     | Noticed Erica
 13400 | D:11     | 13400 ||| INVOKING Apocalypse.
 13405 | D:11     | Killed Erica
 13620 | D:11     | Reached XP level 10. HP: 66/80 MP: 9/9
 13645 | D:11     | 13645 ||| INVOKING Apocalypse.
 13882 | D:11     | 13882 ||| PLANNING LAIR
 13882 | D:11     | 13882 ||| UPGRADING to +0 pair of gloves.
 13887 | D:11     | 13887 ||| READING scroll labelled CULAYL TUMI.
 13920 | Lair:1   | Entered Level 1 of the Lair of Beasts
 13920 | Lair:1   | Noticed Harold
 13936 | Lair:1   | Killed Harold
 13959 | Lair:1   | 13959 ||| Stepping ~*~*~tactically~*~*~ (stealth).
 13999 | Lair:1   | 13999 ||| Stepping ~*~*~tactically~*~*~ (stealth).
 14000 | Lair:1   | 14000 ||| INVOKING Apocalypse.
 14001 | Lair:1   | Noticed Maggie
 14002 | Lair:1   | 14002 ||| Stepping ~*~*~tactically~*~*~ (hiding).
 14004 | Lair:1   | 14004 ||| Stepping ~*~*~tactically~*~*~ (hiding).
 14005 | Lair:1   | 14005 ||| Stepping ~*~*~tactically~*~*~ (hiding).
 14015 | Lair:1   | Killed Maggie
 14076 | Lair:1   | 14076 ||| SWAPPING to +0 vorpal broad axe.
 14077 | Lair:1   | 14077 ||| DROPPING +1 vorpal war axe.
 14248 | Lair:1   | 14248 ||| INVOKING Sacrifice an Eye.
 14248 | Lair:1   | Gained mutation: You are missing an eye, making it more
                  | difficult to aim. [Ru sacrifice]
 14274 | Lair:1   | 14274 ||| Stepping ~*~*~tactically~*~*~ (stealth).
 14277 | Lair:1   | 14277 ||| Stepping ~*~*~tactically~*~*~ (stealth).
 14281 | Lair:1   | 14281 ||| Stepping ~*~*~tactically~*~*~ (stealth).
 14284 | Lair:1   | 14284 ||| Stepping ~*~*~tactically~*~*~ (stealth).
 14712 | Lair:1   | 14712 ||| Stepping ~*~*~tactically~*~*~ (stealth).
 14727 | Lair:1   | 14727 ||| Stepping ~*~*~tactically~*~*~ (stealth).
 14728 | Lair:1   | 14728 ||| Stepping ~*~*~tactically~*~*~ (stealth).
 14729 | Lair:1   | 14729 ||| Stepping ~*~*~tactically~*~*~ (stealth).
 14731 | Lair:1   | 14731 ||| Stepping ~*~*~tactically~*~*~ (stealth).
 14732 | Lair:1   | 14732 ||| INVOKING Apocalypse.
 14755 | Lair:1   | HP: 18/78 [yak (13)]
 14756 | Lair:1   | 14756 ||| READING 7 scrolls of teleportation.
 14773 | Lair:1   | 14773 ||| Stepping ~*~*~tactically~*~*~ (stealth).
 14876 | Lair:1   | 14876 ||| Stepping ~*~*~tactically~*~*~ (stealth).
 14888 | Lair:1   | Reached skill level 18 in Axes
 15180 | Lair:1   | 15180 ||| DRINKING potion of cancellation.
 15725 | Lair:2   | 15725 ||| INVOKING Apocalypse.
 15869 | Lair:2   | 15869 ||| FLEEEEING.
 15871 | Lair:2   | Reached skill level 19 in Axes
 15874 | Lair:2   | 15874 ||| STAIRDANCE
 16019 | Lair:1   | 16019 ||| READING scroll labelled FUNEGGEEKY.
 16019 | Lair:1   | Identified a scroll of acquirement
 16019 | Lair:1   | 16019 ||| ACQUIRING 795 gold pieces
 16019 | Lair:1   | Acquired 795 gold pieces
 16054 | Lair:2   | 16054 ||| INVOKING Apocalypse.
 16151 | Lair:2   | Noticed a four-headed hydra
 16152 | Lair:2   | 16152 ||| INVOKING Apocalypse.
 16153 | Lair:2   | 16153 ||| FLEEEEING.
 16154 | Lair:2   | 16154 ||| FLEEEEING.
 16155 | Lair:2   | 16155 ||| FLEEEEING.
 16156 | Lair:2   | 16156 ||| FLEEEEING.
 16157 | Lair:2   | 16157 ||| FLEEEEING.
 16174 | Lair:2   | 16174 ||| FLEEEEING.
 16175 | Lair:2   | 16175 ||| FLEEEEING.
 16176 | Lair:2   | 16176 ||| FLEEEEING.
 16187 | Lair:2   | 16187 ||| SWAPPING to +2 hand axe of flaming.
 16188 | Lair:2   | 16188 ||| Stepping ~*~*~tactically~*~*~ (water).
 16193 | Lair:2   | Killed a one-headed hydra
 16194 | Lair:2   | 16194 ||| SWAPPING to +0 vorpal broad axe.
 16383 | Lair:2   | Found a staircase to the Swamp.
 16464 | Lair:2   | 16464 ||| READING scroll of acquirement.
 16464 | Lair:2   | 16464 ||| ACQUIRING ring "Ohuo" {Wiz rC+ Dex+3}
 16464 | Lair:2   | Acquired the ring "Ohuo" {Wiz rC+ Dex+3}
 16466 | Lair:2   | 16466 ||| UPGRADING to ring "Ohuo" {Wiz rC+ Dex+3}.
 17134 | Lair:2   | 17134 ||| READING 5 scrolls of identify.
 17134 | Lair:2   | 17134 ||| IDENTIFYING fizzy grey potion
 17235 | Lair:3   | Noticed a death yak
 17235 | Lair:3   | Noticed a death yak
 17236 | Lair:3   | Noticed a death yak
 17236 | Lair:3   | 17236 ||| INVOKING Apocalypse.
 17236 | Lair:3   | Killed a death yak
 17236 | Lair:3   | Noticed a death yak
 17237 | Lair:3   | 17237 ||| FLEEEEING.
 17238 | Lair:3   | 17238 ||| FLEEEEING.
 17239 | Lair:3   | 17239 ||| FLEEEEING.
 17240 | Lair:3   | 17240 ||| FLEEEEING.
 17241 | Lair:3   | 17241 ||| FLEEEEING.
 17242 | Lair:3   | 17242 ||| FLEEEEING.
 17243 | Lair:3   | 17243 ||| FLEEEEING.
 17244 | Lair:3   | 17244 ||| FLEEEEING.
 17245 | Lair:3   | 17245 ||| FLEEEEING.
 17250 | Lair:3   | 17250 ||| FLEEEEING.
 17251 | Lair:3   | 17251 ||| FLEEEEING.
 17253 | Lair:3   | 17253 ||| FLEEEEING.
 17254 | Lair:3   | 17254 ||| FLEEEEING.
 17255 | Lair:3   | 17255 ||| FLEEEEING.
 17256 | Lair:3   | 17256 ||| FLEEEEING.
 17257 | Lair:3   | 17257 ||| FLEEEEING.
 17258 | Lair:3   | 17258 ||| FLEEEEING.
 17259 | Lair:3   | 17259 ||| FLEEEEING.
 17260 | Lair:3   | 17260 ||| FLEEEEING.
 17261 | Lair:3   | 17261 ||| STAIRDANCE
 17314 | Lair:3   | Noticed a death yak
 17315 | Lair:3   | 17315 ||| STAIRDANCE
 17321 | Lair:2   | Killed a death yak
 17322 | Lair:2   | Reached XP level 11. HP: 49/84 MP: 10/10
 17322 | Lair:2   | 17322 ||| INVOKING Apocalypse.
 17323 | Lair:2   | Reached skill level 12 in Fighting
 17443 | Lair:3   | 17443 ||| STAIRDANCE
 17492 | Lair:3   | 17492 ||| STAIRDANCE
 17671 | Lair:3   | 17671 ||| STAIRDANCE
 17684 | Lair:3   | 17684 ||| SWAPPING to +2 hand axe of flaming.
 17692 | Lair:3   | 17692 ||| STAIRDANCE
 17694 | Lair:2   | 17694 ||| SWAPPING to +0 vorpal broad axe.
 17789 | Lair:3   | 17789 ||| STAIRDANCE
 17801 | Lair:3   | 17801 ||| STAIRDANCE
 18016 | Lair:3   | 18016 ||| Stepping ~*~*~tactically~*~*~ (stealth).
 18195 | Lair:3   | 18195 ||| Stepping ~*~*~tactically~*~*~ (stealth).
 18292 | Lair:3   | 18292 ||| INVOKING Sacrifice Love.
 18292 | Lair:3   | Gained mutation: You are hated by all. [Ru sacrifice]
 18292 | Lair:3   | Reached ****** piety under Ru
 18353 | Lair:3   | 18353 ||| Stepping ~*~*~tactically~*~*~ (hiding).
 18361 | Lair:3   | Reached skill level 6 in Dodging
 18363 | Lair:3   | 18363 ||| Stepping ~*~*~tactically~*~*~ (stealth).
 18381 | Lair:3   | 18381 ||| INVOKING Apocalypse.
 18480 | Lair:3   | 18480 ||| FLEEEEING.
 18481 | Lair:3   | 18481 ||| FLEEEEING.
 18482 | Lair:3   | 18482 ||| FLEEEEING.
 18483 | Lair:3   | 18483 ||| FLEEEEING.
 18484 | Lair:3   | 18484 ||| FLEEEEING.
 18485 | Lair:3   | 18485 ||| FLEEEEING.
 18486 | Lair:3   | 18486 ||| FLEEEEING.
 18487 | Lair:3   | 18487 ||| FLEEEEING.
 18488 | Lair:3   | 18488 ||| FLEEEEING.
 18489 | Lair:3   | 18489 ||| FLEEEEING.
 18490 | Lair:3   | 18490 ||| FLEEEEING.
 18491 | Lair:3   | 18491 ||| FLEEEEING.
 18492 | Lair:3   | 18492 ||| FLEEEEING.
 18493 | Lair:3   | 18493 ||| FLEEEEING.
 18494 | Lair:3   | 18494 ||| FLEEEEING.
 18495 | Lair:3   | 18495 ||| FLEEEEING.
 18496 | Lair:3   | 18496 ||| FLEEEEING.
 18497 | Lair:3   | 18497 ||| FLEEEEING.
 18498 | Lair:3   | 18498 ||| FLEEEEING.
 18499 | Lair:3   | 18499 ||| FLEEEEING.
 18500 | Lair:3   | 18500 ||| FLEEEEING.
 18501 | Lair:3   | 18501 ||| FLEEEEING.
 18502 | Lair:3   | 18502 ||| FLEEEEING.
 18503 | Lair:3   | 18503 ||| FLEEEEING.
 18813 | Lair:3   | 18813 ||| DROPPING +1 war axe of draining.
 19018 | Lair:3   | 19018 ||| INVOKING Apocalypse.
 19113 | Lair:3   | Found a hole to the Spider Nest.
 19117 | Lair:3   | HP: 13/80 [disintegration (67)]
 19118 | Lair:3   | 19118 ||| FLEEEEING.
 19119 | Lair:3   | 19119 ||| FLEEEEING.
 19120 | Lair:3   | 19120 ||| FLEEEEING.
 19121 | Lair:3   | 19121 ||| FLEEEEING.
 19122 | Lair:3   | 19122 ||| FLEEEEING.
 19123 | Lair:3   | 19123 ||| FLEEEEING.
 19124 | Lair:3   | 19124 ||| FLEEEEING.
 19125 | Lair:3   | 19125 ||| FLEEEEING.
 19126 | Lair:3   | 19126 ||| FLEEEEING.
 19458 | Lair:3   | 19458 ||| FLEEEEING.
 19459 | Lair:3   | 19459 ||| FLEEEEING.
 19461 | Lair:3   | 19461 ||| FLEEEEING.
 19462 | Lair:3   | 19462 ||| FLEEEEING.
 19463 | Lair:3   | 19463 ||| FLEEEEING.
 19464 | Lair:3   | 19464 ||| FLEEEEING.
 19465 | Lair:3   | 19465 ||| FLEEEEING.
 19657 | Lair:3   | 19657 ||| READING 5 scrolls of identify.
 19657 | Lair:3   | 19657 ||| IDENTIFYING fizzy dark potion
 19658 | Lair:3   | 19658 ||| READING 7 scrolls of teleportation.
 19659 | Lair:3   | 19659 ||| FLEEEEING.
 19882 | Lair:3   | 19882 ||| FLEEEEING.
 19883 | Lair:3   | 19883 ||| FLEEEEING.
 19884 | Lair:3   | 19884 ||| FLEEEEING.
 19885 | Lair:3   | 19885 ||| FLEEEEING.
 19887 | Lair:3   | 19887 ||| FLEEEEING.
 19888 | Lair:3   | 19888 ||| FLEEEEING.
 19890 | Lair:3   | 19890 ||| FLEEEEING.
 19891 | Lair:3   | 19891 ||| FLEEEEING.
 20068 | Lair:3   | 20068 ||| READING 6 scrolls of teleportation.
 20069 | Lair:3   | 20069 ||| FLEEEEING.
 20070 | Lair:3   | 20070 ||| FLEEEEING.
 20071 | Lair:3   | 20071 ||| FLEEEEING.
 20072 | Lair:3   | 20072 ||| FLEEEEING.
 20346 | Lair:4   | 20346 ||| INVOKING Apocalypse.
 20393 | Lair:4   | 20393 ||| FLEEEEING.
 20394 | Lair:4   | 20394 ||| FLEEEEING.
 20395 | Lair:4   | 20395 ||| FLEEEEING.
 20396 | Lair:4   | 20396 ||| FLEEEEING.
 20397 | Lair:4   | 20397 ||| FLEEEEING.
 20398 | Lair:4   | 20398 ||| FLEEEEING.
 20399 | Lair:4   | 20399 ||| FLEEEEING.
 20400 | Lair:4   | 20400 ||| FLEEEEING.
 20401 | Lair:4   | 20401 ||| FLEEEEING.
 20402 | Lair:4   | 20402 ||| FLEEEEING.
 20403 | Lair:4   | 20403 ||| FLEEEEING.
 20404 | Lair:4   | 20404 ||| FLEEEEING.
 20405 | Lair:4   | 20405 ||| FLEEEEING.
 20406 | Lair:4   | 20406 ||| FLEEEEING.
 20407 | Lair:4   | 20407 ||| FLEEEEING.
 20411 | Lair:4   | 20411 ||| FLEEEEING.
 20412 | Lair:4   | 20412 ||| FLEEEEING.
 20413 | Lair:4   | 20413 ||| FLEEEEING.
 20414 | Lair:4   | 20414 ||| FLEEEEING.
 20415 | Lair:4   | 20415 ||| STAIRDANCE
 20515 | Lair:4   | 20515 ||| STAIRDANCE
 20526 | Lair:3   | Reached skill level 12 in Armour
 20733 | Lair:4   | 20733 ||| STAIRDANCE
 20875 | Lair:4   | 20875 ||| STAIRDANCE
 20964 | Lair:4   | 20964 ||| READING scroll of enchant armour.
 20964 | Lair:4   | 20964 ||| ENCHANTING +0 pair of gloves.
 21071 | Lair:4   | Reached skill level 6 in Throwing
 21174 | Lair:4   | 21174 ||| FLEEEEING.
 21175 | Lair:4   | 21175 ||| FLEEEEING.
 21176 | Lair:4   | 21176 ||| FLEEEEING.
 21177 | Lair:4   | 21177 ||| FLEEEEING.
 21178 | Lair:4   | 21178 ||| FLEEEEING.
 21179 | Lair:4   | 21179 ||| STAIRDANCE
 21230 | Lair:4   | 21230 ||| STAIRDANCE
 21273 | Lair:4   | 21273 ||| STAIRDANCE
 21295 | Lair:4   | 21295 ||| INVOKING Apocalypse.
 21296 | Lair:4   | 21296 ||| STAIRDANCE
 21426 | Lair:4   | 21426 ||| INVOKING Apocalypse.
 21427 | Lair:4   | Reached skill level 9 in Shields
 21427 | Lair:4   | 21427 ||| SWAPPING to +2 hand axe of flaming.
 21431 | Lair:4   | 21431 ||| SWAPPING to +0 vorpal broad axe.
 21536 | Lair:4   | 21536 ||| DRINKING potion of mutation.
 21536 | Lair:4   | Lost mutation: You have supernaturally acute eyesight.
                  | (SInv) [potion of mutation]
 21536 | Lair:4   | Lost mutation: You possess an exceptional clarity of mind.
                  | [potion of mutation]
 21536 | Lair:4   | Lost mutation: You are weak. (Str -2) [potion of mutation]
 21536 | Lair:4   | Gained mutation: You are very frail. (-20% HP) [potion of
                  | mutation]
 21553 | Lair:4   | 21553 ||| Stepping ~*~*~tactically~*~*~ (stealth).
 21693 | Lair:4   | 21693 ||| READING scroll of brand weapon.
 21693 | Lair:4   | 21693 ||| BRANDING +0 vorpal broad axe.
 21720 | Lair:4   | 21720 ||| INVOKING Apocalypse.
 21721 | Lair:4   | 21721 ||| FLEEEEING.
 21724 | Lair:4   | 21724 ||| FLEEEEING.
 21725 | Lair:4   | 21725 ||| FLEEEEING.
 21726 | Lair:4   | 21726 ||| FLEEEEING.
 21727 | Lair:4   | 21727 ||| FLEEEEING.
 21728 | Lair:4   | 21728 ||| FLEEEEING.
 21729 | Lair:4   | 21729 ||| FLEEEEING.
 21730 | Lair:4   | 21730 ||| FLEEEEING.
 21731 | Lair:4   | 21731 ||| FLEEEEING.
 21732 | Lair:4   | 21732 ||| FLEEEEING.
 21733 | Lair:4   | 21733 ||| FLEEEEING.
 21734 | Lair:4   | 21734 ||| FLEEEEING.
 21739 | Lair:4   | 21739 ||| STAIRDANCE
 21786 | Lair:3   | 21786 ||| DROPPING ring of flight.
 21791 | Lair:4   | 21791 ||| STAIRDANCE
 22256 | Lair:4   | Found a staircase to the Slime Pits.
 22441 | Lair:5   | Entered Level 5 of the Lair of Beasts
 22442 | Lair:5   | 22442 ||| INVOKING Apocalypse.
 22443 | Lair:5   | 22443 ||| STAIRDANCE
 22512 | Lair:5   | 22512 ||| STAIRDANCE
 22541 | Lair:5   | 22541 ||| STAIRDANCE
 22554 | Lair:5   | 22554 ||| STAIRDANCE
 22561 | Lair:4   | Reached XP level 12. HP: 43/84 MP: 11/11
 22734 | Lair:5   | 22734 ||| STAIRDANCE
 22789 | Lair:5   | 22789 ||| STAIRDANCE
 22950 | Lair:5   | 22950 ||| Stepping ~*~*~tactically~*~*~ (stealth).
 22951 | Lair:5   | 22951 ||| Stepping ~*~*~tactically~*~*~ (stealth).
 22967 | Lair:5   | 22967 ||| INVOKING Apocalypse.
 22980 | Lair:5   | 22980 ||| Stepping ~*~*~tactically~*~*~ (stealth).
 22995 | Lair:5   | 22995 ||| Stepping ~*~*~tactically~*~*~ (cloud).
 23004 | Lair:5   | 23004 ||| Stepping ~*~*~tactically~*~*~ (cloud).
 23019 | Lair:5   | 23019 ||| INVOKING Apocalypse.
 23020 | Lair:5   | 23020 ||| FLEEEEING.
 23021 | Lair:5   | 23021 ||| FLEEEEING.
 23022 | Lair:5   | 23022 ||| FLEEEEING.
 23023 | Lair:5   | 23023 ||| FLEEEEING.
 23024 | Lair:5   | 23024 ||| FLEEEEING.
 23025 | Lair:5   | 23025 ||| FLEEEEING.
 23026 | Lair:5   | 23026 ||| FLEEEEING.
 23027 | Lair:5   | 23027 ||| FLEEEEING.
 23028 | Lair:5   | 23028 ||| FLEEEEING.
 23029 | Lair:5   | 23029 ||| FLEEEEING.
 23030 | Lair:5   | 23030 ||| FLEEEEING.
 23031 | Lair:5   | 23031 ||| FLEEEEING.
 23032 | Lair:5   | 23032 ||| FLEEEEING.
 23033 | Lair:5   | 23033 ||| FLEEEEING.
 23034 | Lair:5   | 23034 ||| FLEEEEING.
 23035 | Lair:5   | 23035 ||| FLEEEEING.
 23036 | Lair:5   | 23036 ||| FLEEEEING.
 23037 | Lair:5   | 23037 ||| FLEEEEING.
 23038 | Lair:5   | 23038 ||| STAIRDANCE
 23245 | Lair:5   | 23245 ||| STAIRDANCE
 23364 | Lair:5   | 23364 ||| Stepping ~*~*~tactically~*~*~ (stealth).
 23394 | Lair:5   | 23394 ||| Stepping ~*~*~tactically~*~*~ (stealth).
 23788 | Lair:5   | 23788 ||| Stepping ~*~*~tactically~*~*~ (stealth).
 23969 | Lair:5   | 23969 ||| INVOKING Apocalypse.
 23970 | Lair:5   | Reached skill level 15 in Fighting
 24072 | Lair:5   | 24072 ||| Stepping ~*~*~tactically~*~*~ (stealth).
 24166 | Lair:5   | 24166 ||| Stepping ~*~*~tactically~*~*~ (stealth).
 24168 | Lair:5   | 24168 ||| Stepping ~*~*~tactically~*~*~ (cloud).
 24171 | Lair:5   | 24171 ||| Stepping ~*~*~tactically~*~*~ (cloud).
 24305 | Lair:5   | 24305 ||| INVOKING Apocalypse.
 24306 | Lair:5   | 24306 ||| FLEEEEING.
 24307 | Lair:5   | 24307 ||| FLEEEEING.
 24308 | Lair:5   | 24308 ||| FLEEEEING.
 24309 | Lair:5   | 24309 ||| FLEEEEING.
 24310 | Lair:5   | 24310 ||| FLEEEEING.
 24352 | Lair:5   | 24352 ||| Stepping ~*~*~tactically~*~*~ (stealth).
 24373 | Lair:5   | 24373 ||| Stepping ~*~*~tactically~*~*~ (stealth).
 24640 | Lair:5   | 24640 ||| Stepping ~*~*~tactically~*~*~ (hiding).
 24796 | Lair:5   | 24796 ||| Stepping ~*~*~tactically~*~*~ (stealth).
 24798 | Lair:5   | 24798 ||| Stepping ~*~*~tactically~*~*~ (stealth).
 24800 | Lair:5   | 24800 ||| Stepping ~*~*~tactically~*~*~ (stealth).
 24824 | Lair:5   | 24824 ||| FLEEEEING.
 24825 | Lair:5   | 24825 ||| FLEEEEING.
 24826 | Lair:5   | 24826 ||| FLEEEEING.
 24827 | Lair:5   | 24827 ||| FLEEEEING.
 24828 | Lair:5   | 24828 ||| FLEEEEING.
 24829 | Lair:5   | 24829 ||| FLEEEEING.
 24830 | Lair:5   | 24830 ||| FLEEEEING.
 24831 | Lair:5   | 24831 ||| FLEEEEING.
 24832 | Lair:5   | 24832 ||| FLEEEEING.
 24834 | Lair:5   | 24834 ||| FLEEEEING.
 24835 | Lair:5   | 24835 ||| FLEEEEING.
 24836 | Lair:5   | 24836 ||| FLEEEEING.
 24837 | Lair:5   | 24837 ||| FLEEEEING.
 24838 | Lair:5   | 24838 ||| FLEEEEING.
 24839 | Lair:5   | 24839 ||| FLEEEEING.
 24840 | Lair:5   | 24840 ||| FLEEEEING.
 24841 | Lair:5   | 24841 ||| FLEEEEING.
 24842 | Lair:5   | 24842 ||| INVOKING Apocalypse.
 24845 | Lair:5   | 24845 ||| FLEEEEING.
 24846 | Lair:5   | 24846 ||| FLEEEEING.
 24847 | Lair:5   | 24847 ||| FLEEEEING.
 24848 | Lair:5   | 24848 ||| FLEEEEING.
 24849 | Lair:5   | 24849 ||| FLEEEEING.
 24855 | Lair:5   | 24855 ||| STAIRDANCE
 25190 | Lair:5   | 25190 ||| Stepping ~*~*~tactically~*~*~ (stealth).
 25209 | Lair:5   | 25209 ||| Stepping ~*~*~tactically~*~*~ (stealth).
 25211 | Lair:5   | 25211 ||| Stepping ~*~*~tactically~*~*~ (stealth).
 25212 | Lair:5   | 25212 ||| Stepping ~*~*~tactically~*~*~ (stealth).
 25214 | Lair:5   | 25214 ||| Stepping ~*~*~tactically~*~*~ (hiding).
 25215 | Lair:5   | 25215 ||| Stepping ~*~*~tactically~*~*~ (hiding).
 25410 | Lair:5   | 25410 ||| INVOKING Apocalypse.
 25411 | Lair:5   | 25411 ||| FLEEEEING.
 25412 | Lair:5   | 25412 ||| FLEEEEING.
 25413 | Lair:5   | 25413 ||| FLEEEEING.
 25414 | Lair:5   | 25414 ||| FLEEEEING.
 25419 | Lair:5   | 25419 ||| STAIRDANCE
 25606 | Lair:5   | 25606 ||| Stepping ~*~*~tactically~*~*~ (stealth).
 25608 | Lair:5   | 25608 ||| Stepping ~*~*~tactically~*~*~ (hiding).
 25612 | Lair:5   | 25612 ||| Stepping ~*~*~tactically~*~*~ (cloud).
 25613 | Lair:5   | 25613 ||| Stepping ~*~*~tactically~*~*~ (cloud).
 25614 | Lair:5   | 25614 ||| Stepping ~*~*~tactically~*~*~ (cloud).
 25617 | Lair:5   | 25617 ||| Stepping ~*~*~tactically~*~*~ (cloud).
 25618 | Lair:5   | 25618 ||| Stepping ~*~*~tactically~*~*~ (cloud).
 25721 | Lair:5   | Identified the ring "Laotihy" {Fly Str+3}
 25725 | Lair:5   | Identified the +9 flail "Zylluq" {antimagic, Str+3 Dex+4}
 25883 | Lair:5   | 25883 ||| Stepping ~*~*~tactically~*~*~ (stealth).
 25893 | Lair:5   | 25893 ||| Stepping ~*~*~tactically~*~*~ (stealth).
 26219 | Lair:5   | 26219 ||| PLANNING D
 26219 | Lair:5   | 26219 ||| DROPPING ring of positive energy.
 26391 | D:12     | 26391 ||| Stepping ~*~*~tactically~*~*~ (stealth).
 26584 | D:12     | 26584 ||| Stepping ~*~*~tactically~*~*~ (stealth).
 26770 | D:12     | 26770 ||| Stepping ~*~*~tactically~*~*~ (hiding).
 26774 | D:12     | 26774 ||| Stepping ~*~*~tactically~*~*~ (hiding).
 26936 | D:12     | 26936 ||| READING scroll of brand weapon.
 26936 | D:12     | 26936 ||| BRANDING +0 broad axe of venom.
 26955 | D:12     | 26955 ||| FLEEEEING.
 26956 | D:12     | 26956 ||| FLEEEEING.
 26957 | D:12     | 26957 ||| FLEEEEING.
 26958 | D:12     | 26958 ||| FLEEEEING.
 26959 | D:12     | 26959 ||| FLEEEEING.
 26960 | D:12     | 26960 ||| FLEEEEING.
 26961 | D:12     | 26961 ||| FLEEEEING.
 26980 | D:12     | 26980 ||| FLEEEEING.
 26981 | D:12     | 26981 ||| FLEEEEING.
 26982 | D:12     | 26982 ||| FLEEEEING.
 26983 | D:12     | 26983 ||| FLEEEEING.
 26984 | D:12     | 26984 ||| FLEEEEING.
 26985 | D:12     | 26985 ||| FLEEEEING.
 26986 | D:12     | 26986 ||| FLEEEEING.
 26987 | D:12     | 26987 ||| FLEEEEING.
 26992 | D:12     | 26992 ||| FLEEEEING.
 26993 | D:12     | 26993 ||| FLEEEEING.
 26994 | D:12     | 26994 ||| FLEEEEING.
 27301 | D:12     | 27301 ||| Stepping ~*~*~tactically~*~*~ (hiding).
 27307 | D:12     | 27307 ||| STAIRDANCE
 28115 | D:13     | 28115 ||| Stepping ~*~*~tactically~*~*~ (hiding).
 28322 | D:13     | Identified the ring of Raingimp {*Slow rC+ Slay+5 SInv}
 28489 | D:13     | 28489 ||| Stepping ~*~*~tactically~*~*~ (hiding).
 28616 | D:13     | 28616 ||| Stepping ~*~*~tactically~*~*~ (stealth).
 28619 | D:13     | 28619 ||| INVOKING Apocalypse.
 28620 | D:13     | 28620 ||| FLEEEEING.
 28621 | D:13     | 28621 ||| FLEEEEING.
 28622 | D:13     | 28622 ||| FLEEEEING.
 28623 | D:13     | 28623 ||| FLEEEEING.
 28624 | D:13     | 28624 ||| FLEEEEING.
 28625 | D:13     | 28625 ||| FLEEEEING.
 28697 | D:13     | 28697 ||| SWAPPING to +2 hand axe of flaming.
 28702 | D:13     | 28702 ||| SWAPPING to +0 vorpal broad axe.
 28777 | D:13     | 28777 ||| Stepping ~*~*~tactically~*~*~ (hiding).
 28863 | D:13     | 28863 ||| Stepping ~*~*~tactically~*~*~ (stealth).
 28864 | D:13     | 28864 ||| Stepping ~*~*~tactically~*~*~ (stealth).
 28865 | D:13     | 28865 ||| Stepping ~*~*~tactically~*~*~ (stealth).
 28916 | D:13     | 28916 ||| Stepping ~*~*~tactically~*~*~ (stealth).
 28917 | D:13     | 28917 ||| Stepping ~*~*~tactically~*~*~ (stealth).
 28918 | D:13     | 28918 ||| Stepping ~*~*~tactically~*~*~ (stealth).
 28924 | D:13     | 28924 ||| Stepping ~*~*~tactically~*~*~ (stealth).
 28925 | D:13     | 28925 ||| Stepping ~*~*~tactically~*~*~ (stealth).
 28933 | D:13     | 28933 ||| Stepping ~*~*~tactically~*~*~ (stealth).
 28934 | D:13     | 28934 ||| Stepping ~*~*~tactically~*~*~ (stealth).
 29016 | D:13     | Noticed Erolcha
 29017 | D:13     | 29017 ||| FLEEEEING.
 29018 | D:13     | 29018 ||| FLEEEEING.
 29019 | D:13     | 29019 ||| FLEEEEING.
 29054 | D:13     | 29054 ||| Stepping ~*~*~tactically~*~*~ (stealth).
 29061 | D:13     | 29061 ||| INVOKING Apocalypse.
 29062 | D:13     | 29062 ||| FLEEEEING.
 29063 | D:13     | 29063 ||| FLEEEEING.
 29083 | D:13     | 29083 ||| FLEEEEING.
 29084 | D:13     | 29084 ||| FLEEEEING.
 29085 | D:13     | 29085 ||| FLEEEEING.
 29086 | D:13     | 29086 ||| FLEEEEING.
 29087 | D:13     | 29087 ||| FLEEEEING.
 29088 | D:13     | 29088 ||| FLEEEEING.
 29093 | D:13     | 29093 ||| Stepping ~*~*~tactically~*~*~ (stealth).
 29094 | D:13     | 29094 ||| FLEEEEING.
 29095 | D:13     | 29095 ||| Stepping ~*~*~tactically~*~*~ (hiding).
 29102 | D:13     | Killed Erolcha
 29426 | D:13     | 29426 ||| SWAPPING to +2 hand axe of flaming.
 29432 | D:13     | Reached XP level 13. HP: 62/84 MP: 12/12
 29432 | D:13     | 29432 ||| SWAPPING to +0 vorpal broad axe.
 29567 | D:13     | Reached skill level 9 in Dodging
 29809 | D:13     | 29809 ||| UPGRADING to ring of Raingimp {*Slow rC+ Slay+5
                  | SInv}.
 29811 | D:13     | 29811 ||| UPGRADING to ring of poison resistance.
 29813 | D:13     | 29813 ||| READING scroll labelled SEEWNU ITIR.
 30175 | D:14     | HP: 2/89 [large slime creature (32)]
 30176 | D:14     | 30176 ||| READING 7 scrolls of teleportation.
 30177 | D:14     | 30177 ||| DRINKING potion of heal wounds.
 30179 | D:14     | 30179 ||| INVOKING Draw Out Power.
 30181 | D:14     | 30181 ||| SWAPPING to +2 hand axe of flaming.
 30187 | D:14     | 30187 ||| SWAPPING to +0 vorpal broad axe.
 30636 | D:14     | 30636 ||| Stepping ~*~*~tactically~*~*~ (stealth).
 30648 | D:14     | 30648 ||| Stepping ~*~*~tactically~*~*~ (water).
 30656 | D:14     | HP: 21/90 [drowned by a water nymph (10)]
 30657 | D:14     | 30657 ||| READING 6 scrolls of teleportation.
 30658 | D:14     | 30658 ||| INVOKING Draw Out Power.
 30817 | D:14     | 30817 ||| Stepping ~*~*~tactically~*~*~ (stealth).
 30821 | D:14     | 30821 ||| Stepping ~*~*~tactically~*~*~ (hiding).
 30822 | D:14     | 30822 ||| Stepping ~*~*~tactically~*~*~ (hiding).
 30881 | D:14     | 30881 ||| Stepping ~*~*~tactically~*~*~ (hiding).
 30884 | D:14     | 30884 ||| Stepping ~*~*~tactically~*~*~ (hiding).
 30885 | D:14     | 30885 ||| Stepping ~*~*~tactically~*~*~ (hiding).
 30886 | D:14     | 30886 ||| Stepping ~*~*~tactically~*~*~ (hiding).
 30887 | D:14     | 30887 ||| Stepping ~*~*~tactically~*~*~ (hiding).
 30888 | D:14     | 30888 ||| Stepping ~*~*~tactically~*~*~ (hiding).
 30910 | D:14     | Found a gate to the Vaults.
 30918 | D:14     | 30918 ||| Stepping ~*~*~tactically~*~*~ (hiding).
 30929 | D:14     | 30929 ||| Stepping ~*~*~tactically~*~*~ (stealth).
 30931 | D:14     | 30931 ||| Stepping ~*~*~tactically~*~*~ (stealth).
 30932 | D:14     | 30932 ||| Stepping ~*~*~tactically~*~*~ (stealth).
 30941 | D:14     | 30941 ||| INVOKING Apocalypse.
 31251 | D:14     | Found a transporter.
 31254 | D:14     | Found a corrupted altar of Lugonu.
 31343 | D:14     | Reached skill level 15 in Armour
 31396 | D:14     | 31396 ||| Stepping ~*~*~tactically~*~*~ (hiding).
 31397 | D:14     | 31397 ||| Stepping ~*~*~tactically~*~*~ (hiding).
 31635 | D:14     | Found a transporter.
 31934 | D:15     | Entered Level 15 of the Dungeon
 31962 | D:15     | 31962 ||| INVOKING Apocalypse.
 32137 | D:15     | Found Eruabbef's Assorted Antiques.
 32146 | D:15     | 32146 ||| BUYING marble ring (180 gold).
 32146 | D:15     | Bought a marble ring for 180 gold pieces
 32146 | D:15     | 32146 ||| BUYING scroll of enchant armour (270 gold).
 32146 | D:15     | Bought a scroll of enchant armour for 270 gold pieces
 32146 | D:15     | 32146 ||| READING scroll of enchant armour.
 32146 | D:15     | 32146 ||| ENCHANTING +1 pair of gloves.
 32471 | D:15     | Found a staircase to the Depths.
 32593 | D:15     | 32593 ||| Stepping ~*~*~tactically~*~*~ (stealth).
 32612 | D:15     | 32612 ||| INVOKING Apocalypse.
 32965 | D:15     | 32965 ||| Stepping ~*~*~tactically~*~*~ (hiding).
 33065 | D:15     | 33065 ||| FLEEEEING.
 33066 | D:15     | 33066 ||| FLEEEEING.
 33074 | D:15     | 33074 ||| FLEEEEING.
 33074 | D:15     | Noticed Jorgrun
 33085 | D:15     | Killed from afar by Jorgrun

Levels and vault maps discovered:
D:1:      matt_arrival_diagonals, layout_basic,
          hellmonk_ecumenical_altar_inner_sanctum, grunt_decor_clamped
D:2:      layout_basic, uniq_robin
D:3:      layout_rooms, kennysheep_doodads
D:4:      layout_basic, mainiacjoe_overflow_surrounded_room, elyvilon_altar_5,
          temple_doors_cd, minmay_misc_feat_rows, minmay_manual_moon
D:5:      layout_layer_cave, uniq_menkaure, uniq_crazy_yiuf_cottage
D:6:      minmay_inner_zag, layout_basic, mainiacjoe_overflow_two_lobes,
          cheibrodos_ashenzari_chains
D:7:      layout_cave_pools, serial_shops, nicolae_square_shop
D:8:      layout_basic, lemuel_doored_altar, minmay_manual_mullet
D:9:      layout_long_grid, mainiacjoe_overflow_catch_the_wave, orc_0_dummy
D:10:     layout_grid_maze, nicolae_uskayaw_murder_on_the_dancefloor
D:11:     layout_roguey [special_room_bee], lair_entry_dummy, serial_demonic,
          serial_demonic_f, serial_demonic_b, serial_demonic_a,
          serial_demonic_a, serial_demonic_g, serial_demonic_g, uniq_erica,
          uniq_urug
D:12:     layout_basic
D:13:     nrook_guardian_serpent_snake_passage, layout_long_grid, uniq_erolcha
D:14:     gammafunk_corrupted_shrine, layout_stronghold, david_vaults_2,
          hangedman_decor_slide_cut, nicolae_splish_splash
D:15:     grunt_enter_depths_giant_problem, layout_loops_corners, minivault_14,
          serial_shops, nicolae_shop_advertising_works
          [nicolae_subvault_shop_adworks], uniq_jorgrun
Temple:   nicolae_temple_god_jail
Lair:1:   layout_regular_city, serial_forest, infiniplex_forest_straight_3,
          infiniplex_forest_lined_corner, infiniplex_forest_3_way,
          infiniplex_forest_corner_2, infiniplex_forest_lined_room_2,
          infiniplex_forest_lined_3_way, uniq_harold, uniq_maggie
Lair:2:   layout_regular_city, minmay_swamp_entry_worms,
          eino_small_chamber_without_monster, chequers_serial_rivers_large_b,
          serial_bayou_crossing
Lair:3:   nzn_winding_woodlands_cross [nzn_winding_woodlands_5x15_eye,
          nzn_winding_woodlands_5x15_pool, nzn_winding_woodlands_5x15_zeroes,
          nzn_winding_woodlands_5x15_river_crossing,
          nzn_winding_woodlands_15x15_thick_spiral], layout_gridlike,
          nicolae_spider_entry_orb_guardian, portal_ice_cave_entry_pillars_1,
          nicolae_lair_grove_arrangements
Lair:4:   layout_cave_pods, slime_entry_1, minmay_shattered_shrine
Lair:5:   evilmike_catoblepas_cave, layout_concentric_octagons,
          grunt_megastairs_3

Skill      XL: |  1  2  3  4  5  6  7  8  9 10 11 12 13 |
---------------+----------------------------------------+-----
Axes           | 3 4 5 6 7 8 12 14 17 19 | 19.0
Dodging        | 1 2 4 5 7 8 9 |  9.1
Fighting       | 4 7 8 10 11 14 16 17 | 17.0
Armour         | 5 6 9 10 12 14 15 | 15.0
Shields        | 4 5 7 6 9 10 | 10.0
Throwing       | 4 5 6 7 |  7.5

Action                   |  1- 3 |  4- 6 |  7- 9 | 10-12 | 13-15 || total
-------------------------+-------+-------+-------+-------+-------++-------
Melee: War axe           |   100 |   128 |   572 |    83 |       ||   883
       Headbutt          |     9 |    18 |   113 |   170 |    34 ||   344
       Broad axe         |       |       |       |   814 |   175 ||   989
       Hand axe          |       |       |       |    23 |     3 ||    26
Throw: Javelin           |       |       |    42 |   170 |    21 ||   233
       Boomerang         |       |       |       |     8 |       ||     8
Invok: Sacrifice Experie |       |       |     2 |       |       ||     2
       Apocalypse        |       |       |     3 |    23 |     3 ||    29
       Sacrifice Artific |       |       |     1 |       |       ||     1
       Draw Out Power    |       |       |       |     1 |     2 ||     3
       Sacrifice an Eye  |       |       |       |     1 |       ||     1
       Sacrifice Love    |       |       |       |     1 |       ||     1
  Use: Scroll            |     7 |     6 |    12 |    12 |     4 ||    41
       Potion            |       |     4 |     4 |     2 |     1 ||    11
 Stab: Distracted        |       |       |     3 |     8 |     2 ||    13
       Invisible         |       |       |     5 |     4 |     1 ||    10
       Paralysed         |       |       |     4 |    12 |     3 ||    19
       Petrified         |       |       |       |     3 |       ||     3
       Petrifying        |       |       |       |     1 |       ||     1
Armor: Scale mail        |    49 |    10 |       |       |       ||    59
       Plate armour      |       |    51 |   297 |   345 |    77 ||   770
       Chain mail        |       |    14 |       |       |       ||    14
Dodge: Dodged            |    41 |    37 |   140 |   229 |    54 ||   501
Block: Buckler           |    21 |    26 |    88 |   178 |    31 ||   344

Table legend:
 A = Non-vault XP
 B = Vault XP
 C = Vault XP percentage of total XP
 D = Non-vault monster count
 E = Vault monster count
 F = Vault count percentage of total count
                 A         B        C        D         E       F
            +---------+---------+-------+---------+---------+-------
      Total |   84882 |   39438 |  31.7 |     461 |     126 |  21.5
            +---------+---------+-------+---------+---------+-------
        D:1 |      47 |       0 |   0.0 |      25 |       0 |   0.0
        D:2 |     138 |      36 |  20.7 |      26 |      12 |  31.6
        D:3 |      70 |       0 |   0.0 |      17 |       0 |   0.0
        D:4 |     239 |     285 |  54.4 |      25 |       4 |  13.8
        D:5 |    1087 |     169 |  13.5 |      20 |       1 |   4.8
        D:6 |     538 |     118 |  18.0 |       7 |       2 |  22.2
        D:7 |    1286 |       0 |   0.0 |      14 |       0 |   0.0
        D:8 |    2982 |    1590 |  34.8 |      33 |       6 |  15.4
        D:9 |    2060 |       0 |   0.0 |      21 |       0 |   0.0
       D:10 |    4935 |       0 |   0.0 |      33 |       0 |   0.0
       D:11 |    2155 |    5637 |  72.3 |      13 |      33 |  71.7
       D:12 |    4673 |       0 |   0.0 |      27 |       0 |   0.0
       D:13 |    7675 |    1599 |  17.2 |      25 |       3 |  10.7
       D:14 |    9602 |    2182 |  18.5 |      25 |       5 |  16.7
       D:15 |    6713 |    1066 |  13.7 |      14 |       1 |   6.7
     Lair:1 |    4536 |    1311 |  22.4 |      20 |       2 |   9.1
     Lair:2 |    9919 |     510 |   4.9 |      24 |       2 |   7.7
     Lair:3 |    4639 |    6531 |  58.5 |      17 |      17 |  50.0
     Lair:4 |    7073 |    5336 |  43.0 |      24 |      11 |  31.4
     Lair:5 |   14515 |   13068 |  47.4 |      51 |      27 |  34.6
            +---------+---------+-------+---------+---------+-------
